 Dungeon Crawl Stone Soup version 0.29.1-4-g47bece8355 (webtiles) character file.

Game seed: 3412996357957622359

175 retardedninja the Chopper (level 5, -3/47 HPs)
             Began as a Hill Orc Fighter on Dec 7, 2022.
             Killed from afar by Natasha (8 damage)
             ... with a magic dart
             ... on level 4 of the Dungeon.
             The game lasted 00:03:21 (3195 turns).

retardedninja the Chopper (Hill Orc Fighter)        Turns: 3195, Time: 00:03:22

Health: -3/47      AC:  7    Str: 21    XL:     5   Next: 55%
Magic:  5/5        EV:  9    Int:  8    God:
Gold:   124        SH:  4    Dex: 10    Spells: 4/4 levels left

rFire   . . .      SeeInvis .   a - +0 war axe
rCold   . . .      Faith    .   c - +0 buckler
rNeg    . . .      Spirit   .   b - +0 scale mail
rPois   .          Reflect  .   (no helmet)
rElec   .          Harm     .   (no cloak)
rCorr   .          Rampage  .   (no gloves)
Will    .....                   (no boots)
Stlth   ..........              (no amulet)
HPRegen 0.15/turn               (no ring)
MPRegen 0.09/turn               (no ring)

@: no status effects
A: no striking features
a: no special abilities


You were on level 4 of the Dungeon.
You visited 1 branch of the dungeon, and saw 4 of its levels.

You collected 124 gold pieces.

Inventory:

Hand Weapons
 a - a +0 war axe (weapon)
Armour
 b - a +0 scale mail (worn)
 c - a +0 buckler (worn)
Jewellery
 k - a +4 ring of protection
 v - a ring of willpower
Wands
 t - a wand of roots (6)
Scrolls
 f - a scroll of enchant armour {unknown}
 g - 3 scrolls of butterflies {unknown}
 i - a scroll of fear {unknown}
 j - 4 scrolls of identify {unknown}
 m - 7 scrolls of teleportation {unknown}
 n - a scroll of blinking {unknown}
 q - a scroll of enchant weapon {unknown}
 r - a scroll of vulnerability {unknown}
 u - 2 scrolls of noise {unknown}
 w - a scroll of amnesia {unknown}
Potions
 d - 2 potions of might
 e - a potion of curing {unknown}
 h - 2 potions of brilliance {unknown}
 l - a potion of cancellation
 o - a potion of berserk rage {unknown}
 p - a potion of lignification {unknown}
 s - a potion of resistance {unknown}


   Skills:
 + Level 4.6 Fighting
 + Level 5.6 Axes
 + Level 4.3 Armour
 - Level 3.3 Shields


You had 4 spell levels left.
You didn't know any spells.
Your spell library contained the following spells:

 Spells                   Type           Power      Damage    Failure   Level
 Apportation              Tloc           0%         N/A       83%         1
 Magic Dart               Conj           0%         1d3       83%         1
 Necrotise                Necr           0%         1d4       83%         1
 Slow                     Hex            0%         N/A       83%         1
 Summon Small Mammal      Summ           0%         N/A       83%         1
 Call Imp                 Summ           0%         N/A       92%         2
 Call Canine Familiar     Summ           0%         N/A       99%         3
 Confusing Touch          Hex            0%         N/A       99%         3
 Mephitic Cloud           Conj/Pois/Air  0%         N/A       99%         3
 Summon Guardian Golem    Hex/Summ       0%         N/A       99%         3
 Vampiric Draining        Necr           0%         2d6       99%         3


Dungeon Overview and Level Annotations

Branches:
Dungeon (4/15)
 Temple: D:4-7

Altars:

Annotations:
D:4 Natasha


Message History

You barely miss Natasha.
Natasha is heavily wounded.
You completely miss the iguana. You block Natasha's attack.
The iguana closely misses you.
You hit Natasha.
Natasha is severely wounded.
You completely miss the iguana. Natasha claws you but does no damage.
The iguana barely misses you.
You closely miss Natasha.
Natasha is severely wounded.
You hit the iguana but do no damage. Natasha claws you but does no damage.
The iguana bites you but does no damage.
You completely miss Natasha.
Natasha is severely wounded.
You hit the iguana.
Natasha howls an incantation.
Natasha shimmers violently.
Natasha stares at you and mumbles some strange words.
You feel yourself slow down. The iguana barely misses you.
Natasha closely misses you.
The iguana hisses menacingly.
The iguana bites you but does no damage.
You completely miss Natasha.
Natasha is severely wounded.
You barely miss the iguana.
Natasha mumbles some strange words.
The iguana bites you!
* * * LOW HITPOINT WARNING * * *
Natasha casts a spell at you. The magic dart hits you.
* * * LOW HITPOINT WARNING * * *
Unknown command.
It was a potion of cancellation.
Your magical effects are unravelling.
You feel magically purged.
You feel yourself speed up.
The iguana bites you but does no damage.
Natasha casts a spell at you. The magic dart hits you!
You die...

##....#......
.....##........# ....?..
.....†..................
........................
.........##...#.........
##...##.......#.#.......
####...#...............
#....##.......5l......
###.##........@h......
####......#...........
#..#.....###?.........
#.........#...########
##...........##
##...###....#
#....#......#
##...#......#
#..#.......#


You could see an iguana, Natasha and a crimson imp (summoned).

Vanquished Creatures
  A bullfrog (D:4)
  3 adders
  A worm (D:2)
  2 dart slugs (D:1)
  3 orcs (D:3)
  7 ball pythons
  6 endoplasms
  2 giant cockroaches
  7 goblins
  9 hobgoblins
  6 kobolds
  4 quokkas
  5 bats
  18 frilled lizards
  4 rats
78 creatures vanquished.

Vanquished Creatures (others)
  5 plants (D:1)
5 creatures vanquished.

Grand Total: 83 creatures vanquished

Notes
Turn   | Place    | Note
-------+----------+-------------------------------------------
     0 | D:1      | retardedninja the Hill Orc Fighter began the quest for the
                  | Orb.
     0 | D:1      | Reached XP level 1. HP: 19/19 MP: 1/1
   218 | D:1      | Reached skill level 3 in Axes
   218 | D:1      | Reached XP level 2. HP: 27/27 MP: 2/2
   390 | D:1      | Reached XP level 3. HP: 29/33 MP: 3/3
   852 | D:1      | Found a faded altar of an unknown god.
  1100 | D:2      | Reached skill level 4 in Axes
  1505 | D:2      | Reached XP level 4. HP: 39/40 MP: 4/4
  2358 | D:3      | Reached skill level 5 in Axes
  2696 | D:4      | Noticed a bullfrog
  2702 | D:4      | Killed a bullfrog
  2703 | D:4      | Reached XP level 5. HP: 31/47 MP: 5/5
  3178 | D:4      | Noticed Natasha
  3195 | D:4      | Killed from afar by Natasha

Illustrated notes

Levels and vault maps discovered:
D:1:      ncdulo_lavacross, layout_loops_ring,
          dreamdust_ecumenical_altar_hidden_monk_grotto, minmay_lizard_king
D:2:      minmay_razor_zed, layout_rooms
D:3:      layout_loops_cross
D:4:      layout_cave_pools, fedhas_altar_decomposition,
          lemuel_mausoleum_altar_kikubaaqudgha, grunt_ministairs_6, minmay_puff,
          uniq_eustachio, uniq_ijyb, uniq_natasha

Skill      XL: |  1  2  3  4 |
---------------+-------------+-----
Fighting       | 4 |  4.6
Axes           | 3 4 5 |  5.6
Armour         | 4 |  4.3
Shields        | |  3.3

Action                   |  1- 3 |  4- 6 || total
-------------------------+-------+-------++-------
Melee: War axe           |   117 |   127 ||   244
  Use: Potion            |       |     1 ||     1
Armor: Scale mail        |    75 |    69 ||   144
Dodge: Dodged            |    65 |    51 ||   116
Block: Buckler           |    28 |    32 ||    60
